 Dungeon Crawl Stone Soup version 0.32-a0-859-gb0a091d592 (webtiles) character file.

Game seed: 5042748397648019736

155391 Dirtsage the Gelid (level 17, -2/137 HPs)
             Began as a Demonspawn Ice Elementalist on Mar 20, 2024.
             Was the Champion of Vehumet.
             Slain by a nagaraja
             ... wielding a +0 whip
              (6 damage)
             ... on level 4 of the Snake Pit on Mar 27, 2024.
             The game lasted 02:15:04 (24700 turns).

Dirtsage the Gelid (Demonspawn Ice Elementalist)   Turns: 24700, Time: 02:15:04

Health: -2/137     AC: 22    Str: 14    XL:     17   Next: 8%
Magic:  0/31       EV:  1    Int: 22    God:    Vehumet [******]
Gold:   1915       SH:  4    Dex: 17    Spells: 9/37 levels left

rFire   + . .        c - staff of cold
rCold   + + .        C - orb {*channel}
rNeg    . . .        Z - +0 swamp dragon scales
rPois   +            (helmet unavailable)
rElec   +            j - scarf {rC+ rF+}
rCorr   +            z - +2 pair of gloves {Stlth+}
SInv    +            e - +0 pair of boots
Will    +....        x - amulet "Xulio" {Rampage +Blink rElec RegenMP+}
Stlth   ++           O - ring of Maheodul {rCorr AC+4 Str+4 Dex+3}
HPRegen 0.42/turn    S - ring of see invisible
MPRegen 0.84/turn

%: guardian spirit, rampage, channel magic (20%)
@: lethally poisoned (-2 -> -14), about to teleport, very slightly contaminated,
constricted
A: horns 3, rugged brown scales 2, icemail 1, magic shield, magic regeneration,
magic link, condensation shield
a: Renounce Religion, Evoke Blink


You were on level 4 of the Snake Pit.
You worshipped Vehumet.
Vehumet was exalted by your worship.
You visited 6 branches of the dungeon, and saw 25 of its levels.
You also visited: Gauntlet.

You collected 1915 gold pieces.

Inventory:

Missiles
 r - a throwing net
Armour
 e - a +0 pair of boots (worn)
 j - a scarf of resistance (worn)
 z - a +2 pair of gloves of stealth (worn)
 C - an orb of energy (worn)
 G - +0 fire dragon scales
 Z - +0 swamp dragon scales (worn)
Magical Staves
 c - a staff of cold (weapon)
 N - a staff of air
 X - a staff of conjuration
Jewellery
 p - a ring of willpower
 x - the amulet "Xulio" (around neck) {Rampage +Blink rElec RegenMP+}
   (You took it off a gnoll on level 3 of the Dungeon)

   [amulet of magic regeneration]

   It increases your rate of magic regeneration.
   rElec:     It insulates you from electricity.
   +Blink:    It lets you blink.
   Rampage:   It bestows one free step when moving towards enemies.
   RegenMP+:  It increases your rate of magic regeneration.
 y - a ring of flight
 F - a ring of protection from fire
 I - a ring of protection from cold
 O - the ring of Maheodul (left hand) {rCorr AC+4 Str+4 Dex+3}
   (You took it off a wight on level 10 of the Dungeon)

   [ring of protection]

   AC+4:      It affects your AC (+4).
   Str+4:     It affects your strength (+4).
   Dex+3:     It affects your dexterity (+3).
   rCorr:     It protects you from acid and corrosion.
 S - a ring of see invisible (right hand)
 T - a ring of ice
Wands
 a - a wand of light (13)
 s - a wand of mindburst (20)
 v - a wand of flame (32)
 D - a wand of digging (9)
 K - a wand of paralysis (18)
Scrolls
 f - 2 scrolls of amnesia
 g - 2 scrolls of fear
 k - 3 scrolls of brand weapon
 o - 2 scrolls of enchant armour
 t - 2 scrolls of teleportation
 u - 3 scrolls of noise
 A - a scroll of silence
 B - 3 scrolls of blinking
 J - 4 scrolls of enchant weapon
 L - a scroll of revelation
 P - 3 scrolls of poison
 Q - 3 scrolls of fog
 R - 2 scrolls of immolation
 V - 2 scrolls of torment
 W - 3 scrolls of vulnerability
Potions
 b - 2 potions of magic
 d - 6 potions of might
 h - 2 potions of haste
 i - a potion of berserk rage
 l - 2 potions of heal wounds
 m - 4 potions of lignification
 n - 3 potions of resistance
 q - 6 potions of curing
 E - 2 potions of attraction
 H - 4 potions of enlightenment
 M - a potion of cancellation
 U - 2 potions of mutation
Miscellaneous
 w - a lightning rod (4/4)
 Y - a condenser vane


   Skills:
 + Level 11.4 Fighting
 + Level 2.8 Armour
 + Level 3.4 Dodging
 - Level 1.7 Stealth
 + Level 3.4 Shields
 + Level 10.6 Spellcasting
 - Level 7.1 Conjurations
 - Level 8.4 Summonings
 - Level 3.1 Necromancy
 - Level 5.5 Translocations
 * Level 17.0 Ice Magic
 - Level 10.7 Air Magic
 + Level 5.0 Shapeshifting


You had 9 spell levels left.
You knew the following spells:

 Your Spells              Type           Power      Damage    Failure   Level
a - Frozen Ramparts       Ice            100%       1d16      1%          3
b - Freeze                Ice            100%       1d10      1%          1
c - Summon Ice Beast      Ice/Summ       80%        N/A       2%          3
d - Static Discharge      Conj/Air       100%       3-8/arc   1%          2
e - Freezing Cloud        Conj/Ice/Air   38%        6-21      2%          5
f - Airstrike             Air            28%        2d(4-20)  1%          4
g - Ozocubu's Refrigerat  Ice            46%        4d17      6%          7
A - Ozocubu's Armour      Ice            92%        N/A       1%          3

Your spell library contained the following spells:

 Spells                   Type           Power      Damage    Failure   Level
 Starburst                Conj/Fire      13%        6d6       78%         6
 Shock                    Conj/Air       100%       1d9       1%          1
 Momentum Strike          Conj/Tloc      78%        3d10      1%          2
 Hailstorm                Conj/Ice       77%        3d13      1%          3
 Ensorcelled Hibernation  Hex/Ice        100%       N/A       3%          2
 Swiftness                Air            56%        N/A       3%          3
 Call Canine Familiar     Summ           49%        N/A       5%          3
 Blink                    Tloc           70%        N/A       8%          2
 Lesser Beckoning         Tloc           70%        N/A       8%          2
 Cigotuvi's Dreadful Rot  Necr/Alch/Air  62%        N/A       10%         2
 Necrotise                Necr           100%       1d9       11%         1
 Gell's Gravitas          Tloc           35%        3d8       12%         3
 Teleport Other           Tloc           35%        N/A       12%         3
 Fulminant Prism          Conj/Alch      13%        3d9       14%         4
 Conjure Ball Lightning   Conj/Air       25%        3x3d7     21%         6
 Fugue of the Fallen      Necr           25%        N/A       24%         3
 Vampiric Draining        Necr           25%        2d7       24%         3
 Metabolic Englaciation   Hex/Ice        32%        N/A       24%         5
 Martyr's Knell           Necr/Summ      37%        N/A       26%         4
 Passage of Golubria      Tloc           35%        N/A       28%         4
 Ignite Poison            Fire/Alch      11%        N/A       43%         4
 Dispel Undead            Necr           25%        3d12      52%         4
 Sigil of Binding         Hex            11%        N/A       56%         3
 Silence                  Hex/Air        17%        N/A       56%         5
 Dimensional Bullseye     Hex/Tloc       11%        N/A       58%         4
 Curse of Agony           Necr           25%        N/A       83%         5
 Maxwell's Capacitive Co  Air            28%        ∞         95%         8
 Manifold Assault         Tloc           17%        N/A       100%        7
 Discord                  Hex            5%         N/A       100%        8
 Disjunction              Tloc           17%        N/A       100%        8
 Lehudib's Crystal Spear  Conj/Erth      13%        10d5      100%        8


Dungeon Overview and Level Annotations

Branches:
Dungeon (13/15)            Temple (1/1) D:5            Lair (5/5) D:10
  Swamp (1/4) Lair:3        Snake (4/4) Lair:3        Slime (0/5) Lair:4
    Orc (1/2) D:10         Vaults (0/5) D:13        Gauntlet (visited)

Altars:
Ashenzari
Cheibriados
Dithmenos
Fedhas
Gozag
Hepliaklqana
Kikubaaqudgha
Makhleb
Nemelex Xobeh
Okawaru
Qazlal
Ru
Sif Muna
Trog
Uskayaw
Vehumet
Wu Jian
Xom
Yredelemnul
Jiyva

Shops:
D:1 ?   D:6 (

Portals:
Trove: D:11 (give 4 scrolls of fog)

Annotations:
D:4 1 runed translucent door, mmarios's ghost, amateur MiFi
D:8 3 runed translucent doors, tajemnic's ghost, novice DsSh
D:13 3 runed translucent doors
Snake:4 5 runed translucent doors


Innate Abilities, Weirdness & Mutations

You have a pair of large horns on your head.
You are mostly covered in rugged brown scales. (AC +2, +5% HP)
A meltable icy envelope protects you from harm. (AC +4)
When hurt, damage is shared between your health and your magic reserves.
You regenerate magic rapidly.
When low on magic, you restore magic in place of health.
A meltable shield of frost defends you. (SH +4)


Message History

The quicksilver dragon barely misses you.
The quicksilver dragon claws you but does no damage.
You take 12 damage, and have 51/137 hp.
You feel very sick.
A naga sharpshooter comes into view. It is wielding a +0 hand axe.
The nagaraja spits poison at you. The splash of poison hits you.
You are more poisoned.
You resist.
You take 9 damage, and have 42/137 hp.
You regained 2 mp, and now have 7/31 mp.
You feel extremely sick. The quicksilver dragon bites you!
* * * LOW HITPOINT WARNING * * *
The quicksilver dragon claws you but does no damage.
The quicksilver dragon bites you!
* * * LOW HITPOINT WARNING * * *
The quicksilver dragon claws you.
* * * LOW HITPOINT WARNING * * *
The nagaraja casts a spell.
The nagaraja seems to speed up.
You take 25 damage, and have 17/137 hp.
You now have 4/31 mp.
As you read the scroll of fear, it crumbles to dust.
You assume a fearsome visage.
The quicksilver dragon looks frightened!
The naga sharpshooter looks frightened!
The nagaraja resists with almost no effort.
* * * LOW HITPOINT WARNING * * *
You feel very sick.
The nagaraja hits you but does no damage.
The nagaraja grabs you. The nagaraja constricts you.
* * * LOW HITPOINT WARNING * * *
The naga sharpshooter is engulfed in freezing vapours.
You take 8 damage, and have 9/137 hp.
As you read the scroll of teleportation, it crumbles to dust.
You feel strangely unstable.
* * * LOW HITPOINT WARNING * * *
You feel very sick. The nagaraja hits you with a +0 whip!
You die...

.........# ## ###
##.......# #. #.§#
####)≈)## #. ..§§# ####
### ##ß≈####.
#§§ß.##..###..###N..).##ß
##☼N§#....#....#N....)..)
#...§D.ß..'.ß..'...))))†.
#.N..# ...#.........
##.@## ..###$.^).##ß ####
## ##ß)####. #...##...
..... #... ..... #... .#.
##.## ##.... #.....
#.####


You could see a quicksilver dragon (fleeing), a nagaraja (fast, catching breath)
and a naga sharpshooter (fleeing).

Vanquished Creatures
  Asterion (Snake:1)
  Agnes (Snake:1)
  Kirke (Snake:1)
  3 nagarajas
  Aizul (Snake:1)
  A minotaur (Gauntlet)
  2 fire dragons
  2 salamander tyrants (Snake:4)
  2 hydras
  A catoblepas (Lair:5)
  8 anacondas
  2 boulder beetles
  8 centaur warriors
  A deep troll shaman (Lair:5)
  5 shock serpents
  3 two-headed ogres
  5 death yaks
  12 naga warriors
  A tengu warrior (D:10)
  9 naga sharpshooters
  16 mana vipers
  9 naga ritualists
  An orc knight (D:10)
  A deep elf pyromancer (D:12)
  A cyclops (D:11)
  6 salamanders
  An ugly thing (D:10)
  13 elephants
  37 black mambas
  4 guardian serpents
  14 naga magi
  2 gargoyles
  Jeremiah (D:6)
  13 cane toads
  9 komodo dragons
  6 rime drakes
  An unseen horror (D:11)
  3 kobold demonologists (D:13)
  A queen bee (Lair:3)
  2 trolls
  A troll (shapeshifter) (D:13)
  A tyrant leech (Lair:3)
  4 polar bears
  A polar bear (shapeshifter) (D:9)
  3 hornets
  6 dream sheep (Lair:4)
  A dream sheep (shapeshifter) (D:13)
  3 blink frogs (Lair:3)
  7 slime creatures
  2 shadows (D:10)
  A wraith (D:11)
  2 wyverns (Lair:2)
  42 yaks
  2 humans (D:9)
  3 basilisks
  3 hogs (Snake:1)
  12 vampire mosquitoes
  46 nagas
  A swamp worm (Lair:3)
  2 acid dragons (D:10)
  12 water moccasins
  6 black bears
  5 orc warriors
  2 sky beasts (D:6)
  14 wolves
  4 centaurs
  Blork the orc (D:5)
  2 kobold brigands (D:8)
  A gnoll sergeant (D:10)
  12 bullfrogs
  6 wights
  32 killer bees
  4 electric eels (Lair:1)
  A howler monkey (D:9)
  2 bombardier beetles
  3 hounds
  A gnoll bouda (D:10)
  3 orc priests
  5 jellies (Lair:4)
  2 iguanas (D:6)
  Terence (D:3)
  11 orc wizards
  3 sleepcaps (D:7)
  Natasha (twice) (D:2)
  6 gnolls
  5 adders
  An ufetubus (D:5)
  A ribbon worm (D:4)
  2 dart slugs (D:1)
  36 orcs
  4 bats
  6 endoplasms
  A giant cockroach (D:1)
  4 goblins
  7 hobgoblins
  5 jackals
  16 kobolds
  2 quokkas (D:1)
  4 ball pythons
  6 frilled lizards
  2 rats
596 creatures vanquished.

Vanquished Creatures (collateral kills)
  A quicksilver ooze (Gauntlet)
  A centaur warrior (D:10)
  Urug (Lair:2)
  Nergalle (Lair:2)
  A fire crab (Lair:3)
  A necromancer (Gauntlet)
  A naga mage (Snake:1)
  2 cane toads (Lair:1)
  2 torpor snails
  2 komodo dragons
  A troll (D:10)
  A shadow (D:6)
  3 wyverns
  2 yaks
  A steam dragon (D:5)
  A basilisk (D:11)
  An acid dragon (D:8)
  2 water moccasins (Lair:1)
  An orc warrior (D:8)
  An ice beast (D:8)
  A sky beast (D:6)
  A wolf (Lair:1)
  A bullfrog (Lair:2)
  A wight (D:10)
  2 killer bees (Lair:3)
  A bombardier beetle (D:5)
  An orc priest (D:7)
  A hound (D:5)
  A sleepcap (D:4)
  A gnoll (D:3)
  A shadow imp (D:5)
  An ufetubus (D:5)
  3 orcs (D:7)
  A goblin (D:3)
44 creatures vanquished.

Vanquished Creatures (others)
  A sleepcap (D:5)
1 creature vanquished.

Grand Total: 641 creatures vanquished

Notes
Turn   | Place    | Note
-------+----------+-------------------------------------------
     0 | D:1      | Dirtsage the Demonspawn Ice Elementalist began the quest
                  | for the Orb.
     0 | D:1      | Reached XP level 1. HP: 13/13 MP: 3/3
   200 | D:1      | Reached skill level 4 in Ice Magic
   235 | D:1      | Gained mutation: You are partially covered in rugged brown
                  | scales. (AC +1, +3% HP) [demonic ancestry]
   235 | D:1      | Reached XP level 2. HP: 11/19 MP: 3/5
   314 | D:1      | Found Xaheh's Magic Scroll Boutique.
   775 | D:1      | Gained mutation: A meltable shield of frost defends you.
                  | (SH +4) [demonic ancestry]
   775 | D:1      | Reached XP level 3. HP: 15/24 MP: 6/6
   779 | D:1      | Learned a level 3 spell: Frozen Ramparts
   994 | D:2      | Found the +2 ratskin cloak {*Rats rPois rN+ Str-1 Int-1
                  | Dex+1}
  1532 | D:3      | Noticed a centaur
  1585 | D:3      | Noticed Natasha
  1596 | D:2      | Killed Natasha
  1597 | D:2      | Reached skill level 5 in Ice Magic
  1602 | D:2      | Gained mutation: You regenerate magic rapidly. [demonic
                  | ancestry]
  1602 | D:2      | Reached XP level 4. HP: 14/30 MP: 0/7
  1804 | D:2      | Noticed Natasha
  1811 | D:2      | Killed Natasha
  1828 | D:2      | Learned a level 3 spell: Summon Ice Beast
  1855 | D:3      | Gained mutation: You are mostly covered in rugged brown
                  | scales. (AC +2, +5% HP) [demonic ancestry]
  1855 | D:3      | Reached XP level 5. HP: 30/36 MP: 3/8
  2046 | D:3      | Noticed Terence
  2055 | D:3      | Killed Terence
  2056 | D:3      | Reached skill level 6 in Ice Magic
  2088 | D:3      | Identified the amulet "Xulio" {Rampage +Blink rElec
                  | RegenMP+}
  2192 | D:3      | Killed a centaur
  2193 | D:3      | Reached XP level 6. HP: 23/43 MP: 9/9
  2307 | D:3      | Found a bloodstained altar of Trog.
  2369 | D:3      | Reached skill level 7 in Ice Magic
  2872 | D:4      | Upgraded the game from 0.32-a0-791-gfc315c9ecd to
                  | 0.32-a0-834-geaf45d8e21
  3020 | D:4      | Gained mutation: When hurt, damage is shared between your
                  | health and your magic reserves. [demonic ancestry]
  3020 | D:4      | Reached XP level 7. HP: 45/48 MP: 8/10
  3065 | D:4      | Learned a level 3 spell: Ozocubu's Armour
  3076 | D:4      | Reached skill level 8 in Ice Magic
  3334 | D:4      | Found a runed translucent door.
  3335 | D:4      | Noticed mmarios's ghost (amateur MiFi)
  3685 | D:5      | Entered Level 5 of the Dungeon
  3881 | D:5      | Found a sparkling altar of Nemelex Xobeh.
  3940 | D:5      | Noticed Blork the orc
  3951 | D:5      | Killed Blork the orc
  4017 | D:5      | Noticed a steam dragon
  4025 | D:5      | Killed a steam dragon
  4026 | D:5      | Reached skill level 9 in Ice Magic
  4026 | D:5      | Reached XP level 8. HP: 41/54 MP: 8/11
  4235 | D:5      | Found a basalt altar of Yredelemnul.
  4237 | D:5      | Noticed a profane servitor
  4275 | D:5      | Noticed an angel
  4324 | D:5      | Found a shadowy altar of Dithmenos.
  4325 | D:5      | Found a hazy altar of Hepliaklqana.
  4393 | D:5      | Found a staircase to the Ecumenical Temple.
  4399 | Temple   | Entered the Ecumenical Temple
  4426 | Temple   | Became a worshipper of Vehumet
  4504 | D:6      | Identified the +7 spear "Fiat" {heavy, rElec Dex+3}
  4799 | D:6      | Reached skill level 1 in Fighting
  4799 | D:6      | Reached skill level 1 in Summonings
  4846 | D:6      | Noticed Jeremiah
  4899 | D:6      | Killed Jeremiah
  4900 | D:6      | Reached skill level 1 in Necromancy
  4900 | D:6      | Reached skill level 10 in Ice Magic
  5080 | D:6      | Reached XP level 9. HP: 39/65 MP: 7/13
  5477 | D:6      | Found Muyrug Xetsi's Weapon Shop.
  5722 | D:7      | Found a stormy altar of Qazlal.
  6020 | D:7      | Found an ancient bone altar of Kikubaaqudgha.
  6103 | D:7      | Reached * piety under Vehumet
  6103 | D:7      | Offered knowledge of Sandblast by Vehumet.
  6374 | D:8      | Reached skill level 11 in Ice Magic
  6482 | D:8      | Reached ** piety under Vehumet
  6482 | D:8      | Offered knowledge of Static Discharge by Vehumet.
  6674 | D:8      | Learned a level 2 spell: Static Discharge
  6794 | D:8      | Found a runed translucent gate.
  6794 | D:8      | Found a runed translucent gate.
  6795 | D:8      | Found a runed translucent gate.
  6940 | D:8      | Reached skill level 1 in Air Magic
  6941 | D:8      | Gained mutation: When low on magic, you restore magic in
                  | place of health. [demonic ancestry]
  6941 | D:8      | Reached XP level 10. HP: 67/75 MP: 13/16
  7089 | D:8      | Noticed tajemnic's ghost (novice DsSh)
  7266 | D:9      | Noticed a two-headed ogre
  7276 | D:9      | Killed a two-headed ogre
  7277 | D:9      | Reached skill level 5 in Spellcasting
  7366 | D:9      | Found an iron altar of Okawaru.
  7384 | D:9      | Reached skill level 5 in Fighting
  7482 | D:9      | Reached skill level 5 in Summonings
  7779 | D:9      | Noticed a centaur warrior
  7806 | D:9      | Killed a centaur warrior
  7807 | D:9      | Reached skill level 12 in Ice Magic
  7884 | D:9      | Noticed a fire dragon
  7899 | D:9      | HP: 2/77 [fire dragon/blast of flame (31)]
  7908 | D:9      | HP: 1/77 [yak (2)]
  8235 | D:9      | Offered knowledge of Searing Ray by Vehumet.
  8236 | D:9      | Reached XP level 11. HP: 84/84 MP: 19/19
  8484 | D:9      | Noticed a death drake
  8750 | D:10     | Entered Level 10 of the Dungeon
  8766 | D:10     | Noticed a brown ugly thing
  8773 | D:10     | Reached *** piety under Vehumet
  8776 | D:10     | Noticed an orc knight
  8781 | D:10     | Noticed a boulder beetle
  8784 | D:10     | Killed a brown ugly thing
  8785 | D:10     | Reached skill level 1 in Conjurations
  8946 | D:9      | Reached skill level 5 in Air Magic
  8959 | D:9      | Saving game... please wait.
  8959 | D:9      | Upgraded the game from 0.32-a0-834-geaf45d8e21 to
                  | 0.32-a0-841-g4648e6c457
  8962 | D:9      | Killed a fire dragon
  9133 | D:10     | Identified the ring of Maheodul {rCorr AC+4 Str+4 Dex+3}
  9157 | D:10     | Noticed a centaur warrior
  9324 | D:10     | Killed a boulder beetle
  9652 | D:10     | Killed a centaur warrior
  9652 | D:10     | Offered knowledge of Volatile Blastmotes by Vehumet.
  9786 | D:10     | Got Daawaxu Mocw's Papyrus of Frostbite
  9788 | D:10     | Noticed a centaur warrior
  9795 | D:10     | Killed a centaur warrior
  9802 | D:10     | Learned a level 5 spell: Freezing Cloud
  9851 | D:10     | Noticed a centaur warrior
  9866 | D:10     | Killed a centaur warrior
  9907 | D:10     | Found an ornate altar of the Wu Jian Council.
 10000 | D:10     | Killed an orc knight
 10107 | D:10     | Noticed a centaur warrior
 10115 | D:10     | Killed a centaur warrior
 10203 | D:10     | Found a staircase to the Lair.
 10229 | D:10     | Found a burning altar of Makhleb.
 10237 | D:10     | Found a staircase to the Orcish Mines.
 10268 | D:10     | Gained mutation: A meltable icy envelope protects you from
                  | harm. (AC +4) [demonic ancestry]
 10268 | D:10     | Reached XP level 12. HP: 76/93 MP: 11/21
 10458 | D:10     | Reached skill level 13 in Ice Magic
 10490 | D:10     | Noticed a tengu warrior
 10498 | D:10     | Killed a tengu warrior
 10737 | D:10     | Noticed a six-headed hydra
 10744 | D:10     | Killed a six-headed hydra
 11001 | Orc:1    | Entered Level 1 of the Orcish Mines
 11033 | Lair:1   | Entered Level 1 of the Lair of Beasts
 11042 | Lair:1   | Reached **** piety under Vehumet
 11210 | Lair:1   | Offered knowledge of Sticky Flame by Vehumet.
 12517 | Lair:2   | Noticed Nergalle
 12524 | Lair:2   | Killed Nergalle
 12582 | Lair:2   | Found a gate leading to a gauntlet.
 12594 | Gauntlet | Entered a Gauntlet
 12594 | Gauntlet | Found a transporter.
 12597 | Gauntlet | Found a transporter.
 12599 | Gauntlet | Found a transporter.
 12618 | Gauntlet | Found a transporter.
 12621 | Gauntlet | Found a transporter.
 12625 | Gauntlet | Noticed a quicksilver ooze
 12628 | Gauntlet | Found a transporter.
 12646 | Gauntlet | Found a transporter.
 12655 | Gauntlet | Noticed a great orb of eyes
 12657 | Gauntlet | Found a transporter.
 12669 | Gauntlet | Found a transporter.
 12680 | Gauntlet | Found a transporter.
 12681 | Gauntlet | Found a transporter.
 12682 | Gauntlet | Found a transporter.
 12702 | Gauntlet | Found a runed translucent door.
 12712 | Gauntlet | Found a transporter.
 12777 | Gauntlet | Found a transporter.
 13029 | Gauntlet | Identified the ring "Coghiom" {Ice Int+3}
 13038 | Gauntlet | Killed a quicksilver ooze
 13039 | Gauntlet | Reached XP level 13. HP: 41/102 MP: 0/24
 13110 | Gauntlet | Noticed a minotaur
 13118 | Gauntlet | Killed a minotaur
 13349 | Gauntlet | Got the Elucidation of Vitriolic Anemomancy
 13553 | Lair:2   | Noticed Urug
 13565 | Lair:2   | Killed Urug
 13566 | Lair:2   | Reached skill level 5 in Conjurations
 14099 | Lair:3   | Reached ***** piety under Vehumet
 14114 | Lair:3   | Offered knowledge of Flame Wave by Vehumet.
 14272 | Lair:3   | Found a staircase to the Snake Pit.
 14762 | Lair:3   | Reached skill level 14 in Ice Magic
 15198 | Lair:3   | Found a staircase to the Swamp.
 15470 | Swamp:1  | Entered Level 1 of the Swamp
 15499 | Lair:4   | Learned a level 4 spell: Airstrike
 15542 | Lair:4   | Found a viscous altar of Jiyva.
 15602 | Lair:4   | Found a staircase to the Slime Pits.
 16317 | Lair:5   | Entered Level 5 of the Lair of Beasts
 16817 | Lair:5   | Gained mutation: You have a pair of small horns on your
                  | head. [demonic ancestry]
 16817 | Lair:5   | Reached XP level 14. HP: 83/111 MP: 10/26
 17054 | Lair:5   | Offered knowledge of Ozocubu's Refrigeration by Vehumet.
 17063 | Lair:5   | Learned a level 7 spell: Ozocubu's Refrigeration
 17379 | Lair:5   | Reached skill level 10 in Air Magic
 17760 | Lair:5   | Upgraded the game from 0.32-a0-841-g4648e6c457 to
                  | 0.32-a0-859-gb0a091d592
 18021 | D:11     | Found a portal to a secret trove of treasure.
 18025 | D:11     | Reached skill level 5 in Translocations
 18025 | D:11     | Gained mutation: You have a pair of horns on your head.
                  | [demonic ancestry]
 18025 | D:11     | Reached XP level 15. HP: 118/118 MP: 27/27
 18979 | D:13     | Reached skill level 15 in Ice Magic
 19017 | D:13     | Identified the blade talisman "Uhanom" {Str+3}
 19680 | D:13     | Found a runed translucent door.
 19692 | D:13     | Found a runed translucent door.
 19692 | D:13     | Found a runed translucent door.
 19933 | D:13     | Found a gate to the Vaults.
 20129 | Snake:1  | Entered Level 1 of the Snake Pit
 20313 | Snake:1  | Noticed Asterion
 20330 | Snake:1  | Noticed Agnes
 20335 | Snake:1  | Killed Agnes
 20337 | Snake:1  | Killed Asterion
 20338 | Snake:1  | Reached skill level 1 in Shapeshifting
 20382 | Snake:1  | Offered knowledge of Fireball by Vehumet.
 20777 | Snake:1  | Reached skill level 10 in Fighting
 20964 | Snake:1  | You fall into a shaft and drop 1 floor!
 21026 | Snake:1  | Identified the serpent talisman "Asustatz" {*Corrode rF+
                  | Str+6}
 21026 | Snake:1  | Noticed Aizul
 21034 | Snake:1  | Killed Aizul
 21045 | Snake:1  | Noticed Kirke
 21052 | Snake:1  | Killed Kirke
 21430 | Snake:2  | Gained mutation: You have a pair of large horns on your
                  | head. [demonic ancestry]
 21430 | Snake:2  | Reached XP level 16. HP: 128/128 MP: 25/29
 21499 | Snake:2  | Reached skill level 16 in Ice Magic
 21903 | Snake:2  | Reached skill level 10 in Spellcasting
 22366 | Snake:3  | Reached skill level 1 in Shields
 22503 | Snake:3  | Reached ****** piety under Vehumet
 22818 | Snake:3  | Offered knowledge of Starburst by Vehumet.
 22979 | Snake:3  | Reached skill level 1 in Armour
 23590 | Snake:4  | Entered Level 4 of the Snake Pit
 23830 | Snake:4  | Found a huge runed translucent gate.
 23831 | Snake:4  | Found a huge runed translucent gate.
 23832 | Snake:4  | Found a huge runed translucent gate.
 23832 | Snake:4  | Found a huge runed translucent gate.
 23833 | Snake:4  | Found a huge runed translucent gate.
 24043 | Snake:4  | Identified the +1 leather armour of the Moon {Harm rC+
                  | Will+ Dex-3}
 24270 | Snake:4  | Identified the +2 halberd "Sauthif" {freeze, rElec rF++
                  | MP+9 Int+2}
 24377 | Snake:4  | Reached XP level 17. HP: 124/137 MP: 15/31
 24420 | Snake:4  | Reached skill level 17 in Ice Magic
 24688 | Snake:4  | Noticed a quicksilver dragon
 24690 | Snake:4  | Reached skill level 5 in Shapeshifting
 24700 | Snake:4  | HP: 4/137 [poisoned by a nagaraja (splash of poison)]
 24700 | Snake:4  | Slain by a nagaraja

Illustrated notes

Levels and vault maps discovered:
D:1:      dpeg_arrival_shrine, layout_rooms, serial_shops, shop
D:2:      layout_loops_ring
D:3:      layout_loops_ring, lemuel_round_altar, uniq_natasha, uniq_terence
D:4:      layout_loops_ring, gammafunk_ghost_grave, grunt_decor_clamped
D:5:      layout_cave_pools, grunt_temple_overflow_holy_war,
          mainiacjoe_overflow_24_doors, riverfiend_overflow_shadow_ancestor,
          minmay_temple_entry_fiery, minmay_misc_feat_square, uniq_blork_the_orc
D:6:      minmay_chambers_of_fours, layout_basic, serial_shops,
          nicolae_shop_pleasant_corner_grove, uniq_jeremiah
D:7:      layout_gridville, overflow_temple_1_default, grunt_qazlal_clouds
D:8:      layout_loops_cross, gammafunk_ghost_necromancy
D:9:      minmay_chambers_of_sixes, layout_loops_cross, okawaru_humans
D:10:     minmay_the_grid_square_5x5_3x3 [minmay_the_grid_square_5x5_longway,
          minmay_the_grid_square_5x5_fat_x,
          minmay_the_grid_square_5x5_checkered_sparse,
          minmay_the_grid_square_5x5_bite,
          minmay_the_grid_square_5x5_megaprize_checkered,
          minmay_the_grid_square_5x5_spiral,
          minmay_the_grid_square_5x5_three_walls,
          minmay_the_grid_square_5x5_shrine1,
          minmay_the_grid_square_5x5_fancy_junction], layout_small_grid,
          mainiacjoe_overflow_small_starburst, kennysheep_mini_moat,
          minmay_shattered_shrine
D:11:     layout_loops_ring, enter_trove_6
D:12:     layout_rooms
D:13:     layout_rooms, david_vaults_4, hangedman_abyss_or_decor_passed,
          mikee_hates_you
Temple:   grunt_temple_mini_profane
Lair:1:   layout_small_grid, nicolae_quartered_pool_super, serial_bayou_shore_a
Lair:2:   layout_loops_ring, gauntlet_entry_generic, minivault_11,
          grunt_megastairs_4, uniq_nergalle, uniq_urug
Lair:3:   layout_roguey [special_room_bee], minmay_swamp_entry_worms,
          minmay_snake_entry_guardpost_medium, beast_lair_carwin_4,
          infiniplex_staircase_pool
Lair:4:   layout_small_grid, nicolae_slime_entry_field_trip
Lair:5:   grunt_lair_end_beastmaster, layout_small_grid, st_stairs_11
Swamp:1:  layout_basic_swamp, nicolae_swamp_stuck_in_the_mud, swamp_pool_1_2,
          nicolae_swamp_small_spring, hangedman_swamp_wriggling
Snake:1:  layout_misc_corridors, uniq_asterion, uniq_kirke, uniq_aizul,
          uniq_agnes
Snake:2:  layout_rooms, st_stairs_12
Snake:3:  layout_basic, nicolae_snake_double_loop, grunt_megastairs_2
Snake:4:  hellmonk_snake_rune_quicksilver_temple, layout_onion,
          hangedman_venom_bottle, serial_bayou_shore_b
Orc:1:    layout_caves

Skill      XL: |  1  2  3  4  5  6  7  8  9 10 11 12 13 14 15 16 17 |
---------------+----------------------------------------------------+-----
Ice Magic      | 4 5 6 7 9 10 11 12 13 14 15 16 17 | 17.0
Fighting       | 2 4 5 6 7 8 9 10 11 | 11.4
Summonings     | 2 4 5 6 7 8 |  8.4
Necromancy     | 2 3 |  3.1
Spellcasting   | 3 4 5 6 7 8 9 10 | 10.6
Air Magic      | 1 4 6 8 9 10 | 10.7
Conjurations   | 3 4 6 7 |  7.1
Translocations | 5 |  5.5
Shapeshifting  | 2 4 5 |  5.0
Shields        | 3 |  3.4
Dodging        | 3 |  3.4
Armour         | 2 |  2.8
Stealth        | |  1.7

Action                     |  1- 3 |  4- 6 |  7- 9 | 10-12 | 13-15 | 16-18 || total
---------------------------+-------+-------+-------+-------+-------+-------++-------
  Melee: Staff             |    61 |    70 |    57 |       |    13 |       ||   201
         Flail             |       |       |    16 |    19 |       |       ||    35
         Headbutt          |       |       |       |       |     2 |       ||     2
   Fire: Sling             |    43 |       |       |       |       |       ||    43
   Cast: Freeze            |    26 |    15 |    89 |   232 |    62 |    14 ||   438
         Frozen Ramparts   |     2 |     9 |    28 |    50 |    30 |     9 ||   128
         Summon Ice Beast  |       |     3 |    20 |    37 |    18 |       ||    78
         Ozocubu's Armour  |       |       |     9 |    24 |    11 |       ||    44
         Static Discharge  |       |       |       |    28 |    39 |     8 ||    75
         Freezing Cloud    |       |       |       |    56 |   140 |   104 ||   300
         Airstrike         |       |       |       |       |   112 |    39 ||   151
         Ozocubu's Refrige |       |       |       |       |    44 |    51 ||    95
  Evoke: Wand              |       |       |       |     6 |     2 |       ||     8
         Lightning rod     |       |       |       |       |     2 |       ||     2
    Use: Scroll            |       |       |    12 |    11 |     7 |     7 ||    37
         Potion            |       |       |       |     4 |     1 |     1 ||     6
   Stab: Sleeping          |     1 |     3 |     2 |       |     1 |       ||     7
         Distracted        |       |       |     1 |     1 |       |       ||     2
 Armour: Robe              |    69 |    36 |    81 |   231 |       |       ||   417
         Ring mail         |       |       |       |    84 |     2 |       ||    86
         Skin              |       |       |       |    21 |       |       ||    21
         Swamp dragon scal |       |       |       |       |   265 |   104 ||   369
  Dodge: Dodged            |   100 |    44 |   130 |   215 |   100 |    28 ||   617
  Block: Other             |    10 |     9 |    15 |       |       |       ||    34

Table legend: (Time is in decaauts)
 A = Elapsed time spent in this place.
 B = Non-inter-level travel time spent in this place.
 C = Inter-level travel time spent in this place.
 D = Time resting spent in this place.
 E = Time spent auto-exploring this place.
 F = Levels seen in this place.
 G = Mean time per level.
                   A        B        C        D        E       F      G
               +--------+--------+--------+--------+--------+-----+--------+
         Total |  24791 |  23641 |   1150 |   1962 |  17337 |  26 |  953.5 |
       Dungeon |  13281 |  12499 |    782 |   1057 |   9158 |  13 | 1021.6 |
        Temple |     49 |      2 |     47 |      0 |      0 |   1 |   49.0 |
          Lair |   6057 |   5828 |    229 |    206 |   4613 |   5 | 1211.4 |
         Swamp |      1 |      1 |      0 |      0 |      0 |   1 |    1.0 |
     Snake Pit |   4571 |   4480 |     91 |    676 |   2915 |   4 | 1142.8 |
  Orcish Mines |      1 |      1 |      0 |      0 |      0 |   1 |    1.0 |
      Gauntlet |    827 |    827 |      0 |     23 |    650 |   1 |  827.0 |
               +--------+--------+--------+--------+--------+-----+--------+

Top non-repeatable levels by time:
    D:10: 1921 daAuts
     D:9: 1634 daAuts
  Lair:3: 1554 daAuts
  Lair:5: 1460 daAuts
 Snake:3: 1460 daAuts
  Lair:1: 1359 daAuts
 Snake:1: 1275 daAuts
     D:8: 1255 daAuts
     D:6: 1125 daAuts
    D:13: 1026 daAuts
     D:2: 999 daAuts
     D:4: 973 daAuts
 Snake:4: 969 daAuts
     D:3: 914 daAuts
 Snake:2: 867 daAuts
